 Dungeon Crawl Stone Soup version 0.31.0-11-ge490571c62 (webtiles) character file.

Game seed: 11553786506324804034

1 Skitler the Covert (level 1, -3/23 HPs)
             Began as a Gnoll Delver on Feb 3, 2024.
             Killed from afar by an orc wizard (9 damage)
             ... with a magic dart
             ... on level 4 of the Dungeon.
             The game lasted 00:00:20 (27 turns).

Skitler the Covert (Gnoll Delver)                     Turns: 27, Time: 00:00:20

Health: -3/23      AC:  3    Str: 11    XL:     1   Next: 20%
Magic:  1/1        EV: 13    Int:  9    God:
Gold:   0          SH:  0    Dex: 13    Spells: 0/0 levels left

rFire   . . .        a - +0 hand axe
rCold   . . .        (no shield)
rNeg    . . .        b - +0 leather armour
rPois   .            (no helmet)
rElec   .            (no cloak)
rCorr   .            (no gloves)
SInv    .            (no boots)
Will    .....        (no amulet)
Stlth   ++++         (no ring)
HPRegen 0.23/turn    (no ring)
MPRegen 0.07/turn

%: no passive effects
@: hasted, very quick
A: fangs 1, strong nose, distributed training
a: no special abilities


You were on level 4 of the Dungeon.
You visited 1 branch of the dungeon, and saw 2 of its levels.

Inventory:

Hand Weapons
 a - a +0 hand axe (weapon)
Armour
 b - a +0 leather armour (worn)
Wands
 g - a wand of digging (3)
Scrolls
 c - a scroll of fog
 d - a scroll of revelation
 e - a scroll of fear


   Skills:
 + Level 6.4 Fighting
 + Level 0.0 Short Blades
 + Level 0.0 Long Blades
 + Level 4.4 Axes
 + Level 0.0 Maces & Flails
 + Level 0.0 Polearms
 + Level 0.0 Staves
 + Level 0.0 Ranged Weapons
 + Level 0.0 Throwing
 + Level 0.0 Armour
 + Level 4.4 Dodging
 + Level 9.5 Stealth
 + Level 0.0 Shields
 + Level 0.0 Unarmed Combat
 + Level 0.0 Spellcasting
 + Level 0.0 Conjurations
 + Level 0.0 Hexes
 + Level 0.0 Summonings
 + Level 0.0 Necromancy
 + Level 0.0 Translocations
 + Level 0.0 Fire Magic
 + Level 0.0 Ice Magic
 + Level 0.0 Air Magic
 + Level 0.0 Earth Magic
 + Level 0.0 Alchemy
 + Level 0.0 Invocations
 + Level 0.0 Evocations
 + Level 0.0 Shapeshifting


You couldn't memorise any spells.
You didn't know any spells.
Your spell library was empty.

Dungeon Overview and Level Annotations

Branches:
Dungeon (5/15)
 Temple: D:4-7

Altars:

Annotations:
D:5 1 transporter


Innate Abilities, Weirdness & Mutations

You have very sharp teeth.
Your uncanny sense of smell can sniff out nearby items.
Your experience applies equally to all skills.


Message History

Found a wand of flame (23) and an onyx ring.
Found an escape hatch in the ceiling.
Found a stone staircase leading down.
Found a transporter.
There is an escape hatch in the ceiling here.
A mysterious force pulls you upwards. The hatch slams shut behind you.
The orc shouts!
The orc wizard shouts! x3
Found two stone staircases leading down.
Found a rapier.
You see here a +0 rapier.
You hit the endoplasm.
You kill the endoplasm!
The orc wizard gestures at you while chanting.
You are confused.
You bump into the rock wall.
The orc wizard mumbles some strange words.
The orc wizard flickers and vanishes!
Deactivating autopickup; reactivate with Ctrl-A.
The orc wizard casts a spell at you. You resist with significant effort.
The orc wizard hits you with a +0 dagger of flaming.
The orc wizard burns you.
You miss the orc wizard. The orc wizard closely misses you.
You bump into the rock wall.
You feel less confused. The orc wizard barely misses you.
You hit the orc wizard.
The orc wizard is lightly wounded.
The orc wizard hits you with a +0 dagger of flaming.
The orc wizard burns you.
You closely miss the orc wizard.
The orc wizard is lightly wounded.
The orc wizard casts a spell at you. The magic dart hits you!
The orc wizard hits you with a +0 dagger of flaming.
The orc wizard burns you.
* * * LOW HITPOINT WARNING * * *
You feel yourself speed up. The orc wizard casts a spell at you.
The magic dart hits you!
You die...

#..# #.##
###.#
######...# ##
........###.#
........# ..#
#######.##..#
#o#...#
#@#...#
#.....#
#....##
######


You could see an orc wizard.

Vanquished Creatures
  An endoplasm (D:4)
1 creature vanquished.

Notes
Turn   | Place    | Note
-------+----------+-------------------------------------------
     0 | D:5      | Reached skill level 9 in Stealth
     0 | D:5      | Skitler the Gnoll Delver began the quest for the Orb.
     0 | D:5      | Reached XP level 1. HP: 23/23 MP: 1/1
     3 | D:4      | Noticed an orc wizard
     3 | D:4      | Noticed an orc wizard
     3 | D:4      | Noticed an orc wizard
    27 | D:4      | Killed from afar by an orc wizard

Illustrated notes

Levels and vault maps discovered:
D:4:      minmay_inner_zag, layout_cave_pods,
          grunt_temple_overflow_growth_and_decay, dreamdust_divine_triumvirate,
          nzn_overflow_gifts_of_might_and_magic
D:5:      gammafunk_steamed_eel, layout_basic, mainiacjoe_overflow_boulevard,
          grunt_temple_overflow_open, amethyst_overflow_temple_binary,
          uniq_pikel

Skill      XL: | |
---------------+-+-----
Stealth        | |  9.5
Fighting       | |  6.4
Axes           | |  4.4
Dodging        | |  4.4

Action                     || total
---------------------------++-------
  Melee: Hand axe          ||     4
    Use: Potion            ||     1
 Armour: Leather armour    ||     5
  Dodge: Dodged            ||     2
